 Dungeon Crawl Stone Soup version 0.20.1-1-g8b1a95d (webtiles) character file.

207 Melbolja the Slasher (level 5, -7/47 HPs)
             Began as a Hill Orc Berserker on Oct 8, 2017.
             Was a Believer of Trog.
             Killed by nerve-wracking pain
             ... invoked by an orc priest
              (9 damage)
             ... on level 4 of the Dungeon.
             The game lasted 00:13:20 (2071 turns).

Melbolja the Slasher (Hill Orc Berserker)           Turns: 2071, Time: 00:13:20

Health: -7/47      AC:  7    Str: 21    XL:     5   Next: 85%
Magic:  5/5        EV: 10    Int:  7    God:    Trog [**....]
Gold:   179        SH:  0    Dex: 10    Spells: 4/4 levels left

rFire    . . .     SeeInvis .   a - +1 falchion
rCold    . . .     Gourm    .   (no shield)
rNeg     . . .     Faith    .   j - +0 scale mail
rPois    .         Spirit   .   (no helmet)
rElec    .         Reflect  .   (no cloak)
rCorr    .         Harm     .   (no gloves)
MR       .....                  i - +0 pair of boots
Stlth    ..........             (no amulet)
Regen    0.2/turn               (no ring)
MPRegen  0.1/turn               (no ring)

@: berserk cooldown, flying, slowed, very slow
A: no striking features
a: Berserk, Trog's Hand, Burn Spellbooks, Renounce Religion, Convert to Beogh


You were on level 4 of the Dungeon.
You worshipped Trog.
Trog was pleased with you.
You were hungry.

You visited 1 branch of the dungeon, and saw 4 of its levels.

You collected 179 gold pieces.

Inventory:

Hand Weapons
 a - a +1 falchion (weapon)
Missiles
 l - 96 stones (quivered)
 n - 52 sling bullets
Armour
 b - a +0 animal skin
 i - a +0 pair of boots (worn)
 j - a +0 scale mail (worn)
Wands
 t - a wand of acid (14/15)
Scrolls
 e - a scroll of teleportation
 o - a scroll of remove curse
 u - a scroll of blinking
 v - a scroll of fog {unknown}
 w - a scroll of magic mapping {unknown}
 x - a scroll of identify
Potions
 d - 2 potions of haste {unknown}
 f - 2 potions of flight
 m - a potion of curing {unknown}
 p - a potion of ambrosia {unknown}
 q - a potion of resistance {unknown}
 r - a potion of lignification {unknown}
 s - a potion of degeneration {unknown}
Comestibles
 c - 2 bread rations
 g - 9 chunks of flesh
 h - 2 royal jellies


   Skills:
 + Level 4.7 Fighting
 + Level 5.6 Long Blades
 + Level 1.2 Throwing
 + Level 2.6 Armour
 + Level 1.8 Dodging
 + Level 0.1 Stealth


You had 4 spell levels left.
You didn't know any spells.

Dungeon Overview and Level Annotations

Branches:
Dungeon (4/15)
 Temple: D:4-7

Altars:


Message History

The puff of frost hits you! The orc priest hits you with a dagger.
The orc priest calls down the wrath of Beogh upon you.
Beogh smites you!
* * * LOW HITPOINT WARNING * * *
You hear some strange, mumbled words.
A puff of flame appears from out of thin air!
The puff of flame hits you!
* * * LOW HITPOINT WARNING * * *
The orc wizard looks encouraged for a moment.
You feel very buoyant.
You fly up into the air.
Your skin stops crawling.
You feel less resistant to hostile enchantments.
Something hits you but does no damage. x2; The orc wizard barely misses you.
You riposte.
You hit the orc wizard.
The orc wizard is moderately wounded.
The orc hits you but does no damage.
The orc priest invokes the aid of Beogh against you.
Pain shoots through your body!
You die...

######## ##.<.<..## .
##........#..
#.............
#.............
#####.............
######..o#..........###
.......@{...........#
#######oo..........##
...8.....)...!..#
####....?........#
................#
.....##..........#
..#####..........# ..
#..........#
..........#


You could see an orc priest, an orc wizard and an orc.

Vanquished Creatures
  The ghost of archego the Cutter, an amateur HaMo of Okawaru (D:3)
  An orc priest (D:4)
  A hound (D:4)
  Robin (D:3)
  An adder (D:3)
  A dart slug (D:2)
  A leopard gecko (D:2)
  A bat (D:2)
  A giant cockroach (D:2)
  12 goblins
  10 hobgoblins
  3 jackals (D:3)
  A ball python skeleton (D:3)
  4 frilled lizards
  9 kobolds
  4 rats
52 creatures vanquished.

Notes
Turn   | Place    | Note
-------+----------+-------------------------------------------
     0 | D:1      | Melbolja the Hill Orc Berserker began the quest for the Orb.
     0 | D:1      | Reached XP level 1. HP: 19/19 MP: 1/1
   526 | D:1      | Reached XP level 2. HP: 27/27 MP: 2/2
  1169 | D:2      | Reached XP level 3. HP: 33/33 MP: 3/3
  1342 | D:2      | Reached skill level 4 in Long Blades
  1465 | D:3      | Noticed archego's ghost (amateur HaMo)
  1481 | D:3      | Killed archego's ghost
  1481 | D:3      | Reached skill level 1 in Throwing
  1481 | D:3      | Reached XP level 4. HP: 41/41 MP: 4/4
  1628 | D:3      | Noticed Robin
  1654 | D:3      | Killed Robin
  1654 | D:3      | Reached skill level 5 in Long Blades
  1654 | D:3      | Reached XP level 5. HP: 27/47 MP: 5/5
  1883 | D:3      | Reached ** piety under Trog
  2069 | D:4      | HP: 1/47 [orc priest/divine providence (15)]
  2071 | D:4      | Killed from afar by an orc priest

Skill      XL: |  1  2  3  4 |
---------------+-------------+-----
Fighting       | 4 |  4.7
Long Blades    | 4 5 |  5.6
Throwing       | 1 |  1.2
Armour         | |  2.6
Dodging        | |  1.8
Stealth        | |  0.1

Action                   |  1- 3 |  4- 6 || total
-------------------------+-------+-------++-------
Melee: Falchion          |    78 |    81 ||   159
Throw: Stone             |    49 |       ||    49
Invok: Berserk           |     2 |     2 ||     4
       Trog's Hand       |       |     1 ||     1
  Use: Scroll            |     8 |     2 ||    10
       Potion            |       |     2 ||     2
 Stab: Distracted        |     1 |       ||     1
  Eat: Meat ration       |     1 |       ||     1
       Chunk             |       |     2 ||     2
Armor: Animal skin       |     7 |       ||     7
       Scale mail        |     9 |    46 ||    55
Dodge: Dodged            |    43 |    57 ||   100
       Rpst.: Falchion   |    19 |    19 ||    38
